cohdb
Replays
Latest Replays
All Replays
Popular Replays
Top Player Replays
Match Explorer
How It Works
Community
CoH3 Stats
Reddit
Sign in to upload your games and track your stats! →
Sign in with Steam
Match 42228151
Unlisted
Match 42228151
Overview
Messages
Build Orders
End
Construct Section Command Post
Dingo Light Scout Car
Selects Australian Defense Battlegroup
Selects Australian Light Infantry Section
Australian Light Infantry Section
Australian Light Infantry Section
Construct Platoon Command Post
Selects 2-pounder Anti-tank Gun Team
CMP 15cwt Truck
2-pounder Anti-tank Gun Team
Humber Armored Car
Australian Light Infantry Section
2-pounder Anti-tank Gun Team
Construct Company Command Post
Sherman-C
XIAOXU
Wagggggggh!哈哈
MY:OATZ
Kanade
爱撒红茶の蔷薇果
I.S.M.A.I.L
makke
0
0
Comments
sign in to comment!
No comments posted yet!